 Dungeon Crawl Stone Soup version 0.29.1-12-g30fa7ad0bf (webtiles) character file.

Game seed: 14456724052842054930

249 mopl the Sneak (level 6, -2/39 HPs)
             Began as an Octopode Brigand on Dec 29, 2022.
             Killed from afar by an orc wizard (7 damage)
             ... with a magic dart
             ... on level 3 of the Dungeon.
             The game lasted 00:05:47 (2512 turns).

mopl the Sneak (Octopode Brigand)                   Turns: 2512, Time: 00:05:48

Health: -2/39      AC:  1    Str: 10    XL:     6   Next: 12%
Magic:  8/8        EV: 13    Int: 16    God:
Gold:   171        SH:  0    Dex: 13    Spells: 1/8 levels left

rFire   . . .      SeeInvis .   a - +2 dagger
rCold   . . .      Faith    .   (no shield)
rNeg    . . .      Spirit   .   (helmet restricted)
rPois   .          Reflect  .   d - amulet of regeneration
rElec   .          Harm     .   (no ring)
rCorr   .          Rampage  .   (no ring)
Will    .....                   (no ring)
Stlth   ++++......              (no ring)
HPRegen 0.93/turn               (no ring)
MPRegen 0.11/turn               (no ring)
                                (no ring)
                                (no ring)

@: no status effects
A: almost no armour, amphibious, 8 rings, camouflage 1, gelatinous body 1,
(nimble swimmer 1), tentacles
a: no special abilities


You were on level 3 of the Dungeon.
You visited 1 branch of the dungeon, and saw 3 of its levels.

You collected 171 gold pieces.

Inventory:

Hand Weapons
 a - a +2 dagger (weapon)
Missiles
 b - 7 poisoned darts (quivered)
 c - 3 curare-tipped darts
 o - a throwing net
Jewellery
 d - an amulet of regeneration (around mantle)
 g - an amulet of reflection
Wands
 n - a wand of flame (29)
Scrolls
 e - 2 scrolls of noise {unknown}
 i - a scroll of identify {unknown}
 k - a scroll of magic mapping {unknown}
 l - a scroll of poison {unknown}
Potions
 f - a potion of haste {unknown}
 j - a potion of resistance {unknown}
 m - a potion of attraction {unknown}


   Skills:
 - Level 2.0 Fighting
 + Level 2.8 Short Blades
 + Level 2.8 Throwing
 + Level 2.3 Dodging
 + Level 6.1 Stealth
 + Level 1.8 Spellcasting
 * Level 2.3 Hexes
 + Level 1.5 Ice Magic


You had one spell level left.
You knew the following spells:

 Your Spells              Type           Power      Damage    Failure   Level
b - Ensorcelled Hibernat  Hex/Ice        14%        N/A       14%         2
d - Tukima's Dance        Hex            9%         N/A       24%         3
p - Passwall              Tmut/Erth      0%         N/A       32%         2

Your spell library contained the following spells:

 Spells                   Type           Power      Damage    Failure   Level
 Sting                    Tmut/Pois      4%         1d3       22%         1
 Poisonous Vapours        Pois/Air       2%         N/A       32%         2
 Portal Projectile        Hex/Tloc       10%        N/A       36%         3
 Swiftness                Air            1%         N/A       54%         3
 Olgreb's Toxic Radiance  Pois           1%         N/A       91%         4
 Blade Hands              Tmut           0%         N/A       99%         5


Dungeon Overview and Level Annotations

Branches:
Dungeon (3/15)

Altars:

Shops:
D:1 ?   D:2 [


Innate Abilities, Weirdness & Mutations

You cannot wear most types of armour.
You are amphibious.
You can wear up to eight rings at the same time.
Your skin changes colour to match your surroundings (Stealth+).
Your rubbery body absorbs attacks. (AC +1, EV +1)
((You are camouflaged when in or above water. (Stealth+)))
You have tentacles for arms and can constrict up to eight enemies at once.


Message History

The adder poisons you!
You hit the adder.
You kill the adder!
You feel sick.
You barely miss something.
You feel sick. Something hits you.
Throw: 9 darts (poison)
Press: ? - help, Q - select action, (/) - cycle Shift-Dir - straight line You throw a poisoned dart.
You feel sick. Something hits you.
* * * LOW HITPOINT WARNING * * *
Unknown command.
Aiming: Throw Flame
Press: ? - help, Shift-Dir - straight line The puff of flame hits something.
You feel sick. Something hits you.
* * * LOW HITPOINT WARNING * * *
Unknown command.
Okay, then.
Aiming: Throw Flame
Press: ? - help, Shift-Dir - straight line You feel sick.
You are no longer poisoned.
Something hits you.
* * * LOW HITPOINT WARNING * * *
Unknown command.
Aiming: Throw Flame
Press: ? - help, Shift-Dir - straight line The puff of flame hits something.
You hear some strange, mumbled words.
A magic dart appears from out of thin air!
The magic dart hits you!
* * * LOW HITPOINT WARNING * * *
You feel better. Something hits you.
* * * LOW HITPOINT WARNING * * *
Throw: 8 darts (poison)
Press: ? - help, Q - select action, (/) - cycle Shift-Dir - straight line You throw a poisoned dart.
You hear some strange, mumbled words.
A magic dart appears from out of thin air!
The magic dart hits you!
You die...

###...#.#...............
. #.#...##...##.##.#.##.
. #.#.#...).....# # .
#.#.#.##...#..# #
#.#.#.##...#..#
#+#+#.##...#..##
..##...#...#
.......#.#.#
.....#....#.#@# #
.....#....#.#{# #. #
.....#....#.#.# # #.
.....#....#.#.# # #..
........#.#.# #..o
.......##.#.# ##...
#.#....#.#
##)...###.....<#.#
#######
##.........(()...#
.......


There were no monsters in sight!

Vanquished Creatures
  2 orc priests
  Jessica (D:2)
  An orc wizard (D:2)
  3 adders
  3 gnolls
  A worm (D:2)
  4 dart slugs
  6 orcs
  2 ball pythons
  6 bats
  6 endoplasms
  11 giant cockroaches
  7 goblins
  5 hobgoblins
  A quokka (D:1)
  A frilled lizard (D:2)
  2 kobolds
  6 rats
68 creatures vanquished.

Notes
Turn   | Place    | Note
-------+----------+-------------------------------------------
     0 | D:1      | mopl the Octopode Brigand began the quest for the Orb.
     0 | D:1      | Reached XP level 1. HP: 14/14 MP: 1/1
   107 | D:1      | Reached XP level 2. HP: 7/19 MP: 2/2
   358 | D:1      | Found Qissohecs's Magic Scroll Shop.
   557 | D:1      | Learned a level 2 spell: Ensorcelled Hibernation
   579 | D:2      | Reached XP level 3. HP: 24/24 MP: 2/4
   626 | D:2      | Reached skill level 1 in Spellcasting
   640 | D:2      | Found Saliga's Armour Shop.
   684 | D:2      | Noticed Jessica
   711 | D:2      | Killed Jessica
   712 | D:2      | Reached skill level 1 in Hexes
   712 | D:2      | Reached XP level 4. HP: 13/29 MP: 5/5
  1098 | D:2      | Reached skill level 1 in Ice Magic
  1240 | D:2      | Reached XP level 5. HP: 4/34 MP: 7/7
  1497 | D:2      | Reached skill level 2 in Dodging
  1584 | D:2      | Learned a level 2 spell: Passwall
  1869 | D:3      | Reached skill level 2 in Hexes
  1896 | D:3      | Reached skill level 6 in Stealth
  1991 | D:3      | Learned a level 3 spell: Tukima's Dance
  2122 | D:3      | Found a faded altar of an unknown god.
  2492 | D:3      | Reached XP level 6. HP: 11/39 MP: 8/8
  2510 | D:3      | HP: 1/39 [something/magic dart (9)]
  2512 | D:3      | Killed from afar by an orc wizard

Illustrated notes

Levels and vault maps discovered:
D:1:      amcnicky_arrival_single_pillar, layout_rooms, serial_shops,
          nicolae_shop_hallway_stairs
D:2:      layout_basic, serial_shops, nicolae_shop_advertising_works
          [nicolae_subvault_shop_adworks], kennysheep_cluttered_room,
          minmay_worlds_worst_comb, uniq_jessica
D:3:      layout_basic, dreamdust_ecumenical_altar_statues

Skill      XL: |  1  2  3  4  5 |
---------------+----------------+-----
Spellcasting   | 1 |  1.8
Hexes          | 1 2 |  2.3
Ice Magic      | 1 |  1.5
Dodging        | 2 |  2.3
Stealth        | 6 |  6.1
Fighting       | |  2.0
Short Blades   | |  2.8
Throwing       | |  2.8

Action                   |  1- 3 |  4- 6 || total
-------------------------+-------+-------++-------
Melee: Dagger            |    53 |    75 ||   128
       Constrict         |     8 |    20 ||    28
       Tentacles         |     8 |    19 ||    27
Throw: Dart              |     3 |    12 ||    15
 Cast: Ensorcelled Hiber |       |     4 ||     4
Evoke: Wand              |       |     3 ||     3
  Use: Potion            |       |     2 ||     2
 Stab: Sleeping          |    13 |    12 ||    25
Armor: Skin              |    11 |     3 ||    14
Dodge: Dodged            |    17 |    42 ||    59
Block: Other             |     4 |     4 ||     8
       Reflection        |     1 |       ||     1
